 Dungeon Crawl Stone Soup version 0.29.1-15-g9cfb28693d (webtiles) character file.

Game seed: 7070629746937522725

74 javelincjr the Magician (level 4, -1/30 HPs)
             Began as a Demonspawn Hedge Wizard on Apr 7, 2023.
             Slain by Natasha (2 damage)
             ... on level 2 of the Dungeon.
             The game lasted 00:04:46 (2187 turns).

javelincjr the Magician (Demonspawn Hedge Wizard)   Turns: 2187, Time: 00:04:47

Health: -1/30      AC:  8    Str: 12    XL:     4   Next: 10%
Magic:  6/8        EV: 12    Int: 15    God:
Gold:   91         SH:  0    Dex: 13    Spells: 6/9 levels left

rFire   . . .      SeeInvis .   l - +0 hand axe (elec)
rCold   . . .      Faith    .   (no shield)
rNeg    . . .      Spirit   .   b - +0 robe
rPois   .          Reflect  .   (helmet restricted)
rElec   .          Harm     .   (no cloak)
rCorr   .          Rampage  .   (no gloves)
Will    .....                   (no boots)
Stlth   ++........              (no amulet)
HPRegen 0.10/turn               (no ring)
MPRegen 0.11/turn               (no ring)

@: sanguine armoured
A: antennae 1, sanguine armour 1
a: no special abilities


You were on level 2 of the Dungeon.
You visited 1 branch of the dungeon, and saw 2 of its levels.

You collected 91 gold pieces.

Inventory:

Hand Weapons
 a - a +0 dagger
 l - a +0 hand axe of electrocution (weapon)
Armour
 b - a +0 robe (worn)
 c - a +0 hat
 k - a +2 helmet
Scrolls
 e - 2 scrolls of enchant armour {unknown}
 f - 2 scrolls of teleportation {unknown}
 h - 5 scrolls of identify {unknown}
 j - a scroll of poison {unknown}
 n - a scroll of magic mapping {unknown}
Potions
 d - a potion of magic
 g - a potion of curing {unknown}
 i - a potion of invisibility
 m - a potion of heal wounds {unknown}
 o - a potion of haste {unknown}
 p - a potion of might {unknown}


   Skills:
 + Level 2.2 Dodging
 + Level 2.4 Stealth
 + Level 3.3 Spellcasting
 + Level 1.7 Conjurations
 + Level 1.6 Summonings
 + Level 1.6 Translocations


You had 6 spell levels left.
You knew the following spells:

 Your Spells              Type           Power      Damage    Failure   Level
a - Magic Dart            Conj           28%        1d4       10%         1
b - Call Imp              Summ           7%         N/A       14%         2

Your spell library contained the following spells:

 Spells                   Type           Power      Damage    Failure   Level
 Blink                    Tloc           14%        N/A       16%         2
 Slow                     Hex            8%         N/A       21%         1
 Gell's Gravitas          Tloc           7%         N/A       30%         3
 Teleport Other           Tloc           7%         N/A       30%         3
 Conjure Flame            Conj/Fire      5%         6-21      38%         3
 Mephitic Cloud           Conj/Pois/Air  4%         N/A       43%         3
 Dispersal                Tloc           3%         N/A       100%        6


Dungeon Overview and Level Annotations

Branches:
Dungeon (2/15)

Altars:

Shops:
D:2 (

Annotations:
D:2 Natasha


Innate Abilities, Weirdness & Mutations

You have a pair of small antennae on your head.
When seriously injured, your blood forms armour. (AC +6)


Message History

You are poisoned.
The adder poisons you!
You hit the adder but do no damage. Lightning courses through the adder!
You kill the adder!
You feel sick.
You have reached level 4!
You feel agile.
Your demonic ancestry asserts itself...
A pair of antennae grows on your head!
Your +2 helmet falls away!
You feel sick.
You feel sick.
You are no longer poisoned.
n - a scroll labelled JACWAL COFOIFO
There is an escape hatch in the floor here.
o - a clear potion
p - a green potion Natasha and a giant cockroach come into view.
The magic dart hits Natasha.
Natasha is moderately wounded.
The magic dart hits Natasha but does no damage.
Natasha is moderately wounded.
Natasha drinks a potion.
Natasha flickers and vanishes!
Deactivating autopickup; reactivate with Ctrl-A.
The magic dart hits the giant cockroach.
The giant cockroach is severely wounded.
The magic dart hits the giant cockroach.
You kill the giant cockroach!
You can't see any susceptible monsters within range! (Use Z to cast anyway.)
Something claws you.
You completely miss something. Something claws you.
Your blood congeals into armour.
You hit something but do no damage. Something claws you but does no damage.
Something claws you.
You hit something but do no damage. Something claws you!
* * * LOW HITPOINT WARNING * * *
You hit something but do no damage. Something claws you but does no damage.
You hit something. Something claws you but does no damage. Something claws you!
* * * LOW HITPOINT WARNING * * *
You closely miss something. Something claws you.
You die...

##################
#.....@{......†...
#.#########..#####
#.# ..# #.# ..#
#.# #.. #.# .##
#.# #. #.# . #.#
###


There were no monsters in sight!

Vanquished Creatures
  Robin (D:2)
  An adder (D:2)
  2 dart slugs (D:1)
  An orc (D:2)
  4 ball pythons
  2 endoplasms (D:1)
  A giant cockroach (D:2)
  14 goblins
  3 hobgoblins
  6 jackals
  A quokka (D:1)
  5 bats
  A kobold (D:1)
  3 rats (D:1)
45 creatures vanquished.

Notes
Turn   | Place    | Note
-------+----------+-------------------------------------------
     0 | D:1      | javelincjr the Demonspawn Hedge Wizard began the quest for
                  | the Orb.
     0 | D:1      | Reached XP level 1. HP: 13/13 MP: 4/4
    78 | D:1      | Reached skill level 1 in Translocations
   213 | D:1      | Gained mutation: When seriously injured, your blood forms
                  | armour. (AC +6) [demonic ancestry]
   213 | D:1      | Reached XP level 2. HP: 19/19 MP: 6/6
  1204 | D:1      | Reached XP level 3. HP: 24/24 MP: 4/7
  1569 | D:2      | Found Wusaka Akhi's Antique Weapon Emporium.
  1716 | D:2      | Noticed Robin
  1717 | D:2      | Learned a level 2 spell: Call Imp
  1746 | D:2      | Killed Robin
  2063 | D:2      | Gained mutation: You have a pair of small antennae on your
                  | head. [demonic ancestry]
  2063 | D:2      | Reached XP level 4. HP: 26/30 MP: 3/8
  2171 | D:2      | Noticed Natasha
  2186 | D:2      | HP: 1/30 [something (7)]
  2187 | D:2      | Slain by Natasha

Illustrated notes

Levels and vault maps discovered:
D:1:      matt_arrival_los_fun, layout_loops_ring, minmay_pentomino_p4
D:2:      layout_loops_ring, ebering_ecumenical_altar_abandoned, serial_shops,
          nicolae_square_shop, uniq_natasha, uniq_robin

Skill      XL: |  1  2 |
---------------+-------+-----
Translocations | 1 |  1.6
Stealth        | 2 |  2.4
Dodging        | 2 |  2.2
Spellcasting   | |  3.3
Conjurations   | |  1.7
Summonings     | |  1.6

Action                   |  1- 3 |  4- 6 || total
-------------------------+-------+-------++-------
Melee: Dagger            |    51 |       ||    51
       Hand axe          |    16 |     6 ||    22
 Cast: Magic Dart        |    84 |     4 ||    88
Armor: Robe              |    22 |     3 ||    25
Dodge: Dodged            |    39 |       ||    39
